 Dungeon Crawl Stone Soup version 0.23.0-3-gf3c87f2 (webtiles) character file.

Game seed: 11374028215713884946

6663 Kairos the Cleaver (level 11, -2/55 HPs)
             Began as a Vine Stalker Fighter on Feb 24, 2019.
             Was a Believer of Okawaru.
             Slain by a spatial maelstrom (7 damage)
             ... on level 2 of the Abyss.
             The game lasted 00:15:26 (6894 turns).

Kairos the Cleaver (Vine Stalker Fighter)           Turns: 6894, Time: 00:15:27

Health: -2/55      AC: 17    Str: 28    XL:     11   Next: 3%
Magic:  0/12       EV:  5    Int:  9    God:    Okawaru [**....]
Gold:   466        SH: 18    Dex: 14    Spells: 10/10 levels left

rFire    . . .     SeeInvis .   R - +9 hand axe "Miawoommim" {chop, rElec rPois Str+7}
rCold    + . .     Gourm    .   t - +0 large shield
rNeg     . . .     Faith    .   G - +0 plate armour
rPois    +         Spirit   +   m - +0 helmet (curse)
rElec    +         Reflect  .   k - +0 cloak
rCorr    .         Harm     +   l - +1 pair of gloves
MR       +....                  (no boots)
Stlth    ..........             e - amulet of harm
HPRegen  0.58/turn              o - ring of wizardry
MPRegen  0.13/turn              N - ring of protection from cold

@: about to teleport
A: fangs 3, regeneration 1, magic shield, antimagic bite, no potion heal 3, rot
immunity
a: Heroism, Renounce Religion


You were on level 2 of the Abyss.
You worshipped Okawaru.
Okawaru was pleased with you.
You were not hungry.

You visited 2 branches of the dungeon, and saw 9 of its levels.
You visited the Abyss 1 time.
You also visited: Sewer.

You collected 466 gold pieces.

Inventory:

Hand Weapons
 a - a +0 war axe
 q - a +0 broad axe of venom
 w - a +2 hand crossbow of freezing
 R - the +9 hand axe "Miawoommim" (weapon) {chop, rElec rPois Str+7}
   (You found it on level 8 of the Dungeon)

   It inflicts extra damage upon your enemies.
   It affects your strength (+7).
   It insulates you from electricity.
   It protects you from poison.
 V - a +1 war axe of electrocution
Missiles
 c - a throwing net
 x - 7 tomahawks (quivered)
 y - 24 bolts
Armour
 k - a +0 cloak (worn)
 l - a +1 pair of gloves (worn)
 m - a cursed +0 helmet (worn)
 s - a +0 chain mail
 t - a +0 large shield (worn)
 G - a +0 plate armour (worn)
Jewellery
 e - an amulet of harm (around neck)
 o - a ring of wizardry (left hand)
 p - an uncursed ring of fire
 r - an uncursed ring of ice
 u - an uncursed ring of flight
 N - a ring of protection from cold (right hand)
Wands
 v - a wand of disintegration (12)
 K - a wand of polymorph (4)
 S - a wand of acid (6)
 U - a wand of scattershot (6)
Scrolls
 b - 3 scrolls of remove curse
 C - 2 scrolls of enchant weapon {unknown}
 D - a scroll of fear {unknown}
 E - a scroll of amnesia {unknown}
 I - a scroll of holy word {unknown}
 L - 2 scrolls of noise {unknown}
 O - 5 scrolls of identify
 P - 3 scrolls of enchant armour {unknown}
 Q - a scroll of silence {unknown}
 T - a scroll of magic mapping
Potions
 d - 2 potions of might
 g - 6 potions of flight
 h - a potion of ambrosia
 i - a potion of cancellation {unknown}
 j - 2 potions of curing
 n - 4 potions of brilliance
 z - 3 potions of haste
 B - a potion of magic {unknown}
 F - 3 potions of heal wounds {unknown}
 H - 3 potions of lignification {unknown}
 J - a potion of agility {unknown}
 M - a potion of berserk rage {unknown}
Comestibles
 f - 14 rations


   Skills:
 + Level 5.1 Fighting
 + Level 10.5 Axes
 + Level 5.7 Armour
 + Level 2.1 Dodging
 + Level 1.0 Stealth
 + Level 8.2 Shields
 + Level 0.1 Evocations


You had 10 spell levels left.
You didn't know any spells.
Your spell library was empty.

Dungeon Overview and Level Annotations

Branches:
Dungeon (8/15)             Temple (1/1) D:5            Lair (0/6) D:8

Altars:
Ashenzari
Cheibriados
Dithmenos
Elyvilon
Fedhas
Gozag
Hepliaklqana
Kikubaaqudgha
Makhleb
Nemelex Xobeh
Okawaru
Qazlal
Ru
Sif Muna
Trog
Uskayaw
Vehumet
Wu Jian
Xom
Yredelemnul
Zin
The Shining One

Shops:
D:7 [

Annotations:
D:8 Zanta616's ghost, novice FoFi


Innate Abilities, Weirdness & Mutations

You have razor-sharp teeth.
Your natural rate of healing is unusually fast.
When hurt, damage is shared between your health and your magic reserves.
Your bite disrupts and absorbs the magic of your enemies.
Potions cannot restore your health.
You are immune to rotting.


Message History

As you read the scroll of teleportation, it crumbles to dust.
You feel strangely unstable.
You feel the power of the Abyss delaying your translocation!
You block the spatial maelstrom's attack. x2
You block the spatial maelstrom's attack. x2
A small abomination comes into view.
The spatial maelstrom hits you but does no damage. x2
Found 16 gold pieces.
You block the spatial maelstrom's attack.
The spatial maelstrom hits you but does no damage.
The spatial maelstrom hits you but does no damage.
You block the spatial maelstrom's attack.
The small abomination hits you.
* * * LOW HITPOINT WARNING * * *
A quasit comes into view.
The quasit gives a chilling moan.
The spatial maelstrom hits you but does no damage.
You block the spatial maelstrom's attack.
The spatial maelstrom hits you.
You die...

... . .........
......##..##..##..#.. .
......##.. #..## v## ..
....$............... ...
#..................
....##...##..## ..#..#..
#........##..##..##..#..
........................
.......@vx............#.
.........##..##..## .#..
.........##..##..##..# .
.......5................
#...##........... .. ..
.... #...##..##..##..
... ....##..# ..# .. ..
....... .. .


You could see a spatial maelstrom, a small abomination and a quasit.

Vanquished Creatures
  Joseph (D:8)
  A smoke demon (Abyss:2)
  2 hippogriffs
  6 yaks (D:8)
  A hungry ghost (D:6)
  3 small abominations (Abyss:2)
  A water moccasin (D:7)
  5 sky beasts
  2 orc warriors
  A black bear (D:6)
  4 centaurs
  6 ogres
  2 crocodiles (D:8)
  3 bullfrogs
  4 big kobolds (Sewer)
  4 scorpions
  A killer bee (D:7)
  8 wights
  5 howler monkeys
  2 crimson imps
  A bullfrog zombie (D:7)
  A quasit (D:5)
  3 hounds
  5 orc wizards
  A centaur skeleton (D:6)
  2 orc priests
  Crazy Yiuf (D:2)
  4 bullfrog skeletons
  A gnoll shaman (D:6)
  2 jellies
  3 iguanas
  Ijyb (D:5)
  4 worker ants
  Terence (D:2)
  A hound skeleton (D:7)
  4 gnolls
  18 adders
  A river rat (Sewer)
  6 shadow imps
  3 oozes (Sewer)
  4 adder zombies
  An adder skeleton (D:7)
  6 worms
  A dart slug (D:1)
  6 leopard geckos
  20 orcs
  6 giant cockroaches
  5 goblins
  6 hobgoblins
  20 jackals
  16 kobolds
  2 quokkas
  4 ball pythons
  3 bats (D:1)
  8 frilled lizards
  13 rats
246 creatures vanquished.

Notes
Turn   | Place    | Note
-------+----------+-------------------------------------------
     0 | D:1      | Kairos the Vine Stalker Fighter began the quest for the
                  | Orb.
     0 | D:1      | Reached XP level 1. HP: 11/11 MP: 2/2
    49 | D:1      | Reached skill level 2 in Axes
    49 | D:1      | Reached XP level 2. HP: 16/16 MP: 3/3
   154 | D:1      | Reached XP level 3. HP: 15/19 MP: 4/4
   595 | D:2      | Gained mutation: Your natural rate of healing is unusually
                  | fast. [Vine Stalker growth]
   595 | D:2      | Reached XP level 4. HP: 23/24 MP: 5/5
  1034 | D:2      | Reached skill level 3 in Axes
  1039 | D:2      | Found a basalt altar of Yredelemnul.
  1042 | D:2      | Noticed Terence
  1058 | D:2      | Killed Terence
  1058 | D:2      | Reached XP level 5. HP: 28/28 MP: 4/6
  1095 | D:2      | Found a runed translucent door.
  1096 | D:2      | Noticed Crazy Yiuf
  1146 | D:2      | Found a shattered altar of Ashenzari.
  1243 | D:2      | Killed Crazy Yiuf
  1307 | D:3      | Reached skill level 1 in Dodging
  2055 | D:4      | Reached XP level 6. HP: 32/32 MP: 7/7
  2199 | D:4      | Reached skill level 4 in Axes
  2402 | D:4      | Found a deep blue altar of Sif Muna.
  2478 | D:5      | Entered Level 5 of the Dungeon
  2482 | D:5      | Found a staircase to the Ecumenical Temple.
  2560 | Temple   | Entered the Ecumenical Temple
  2839 | D:5      | Noticed Ijyb
  2842 | D:5      | Killed Ijyb
  2848 | D:5      | Reached XP level 7. HP: 34/36 MP: 6/8
  3009 | D:5      | Reached skill level 5 in Axes
  3333 | D:4      | Found a blossoming altar of Fedhas.
  3440 | D:6      | Found a shimmering altar of Xom.
  3491 | D:6      | Found a glowing drain.
  3508 | Sewer    | Entered a sewer
  3803 | Sewer    | Gained mutation: You have razor-sharp teeth. [Vine Stalker
                  | growth]
  3803 | Sewer    | Reached XP level 8. HP: 41/41 MP: 9/9
  4111 | D:6      | Reached skill level 5 in Shields
  4114 | D:6      | Reached skill level 6 in Axes
  4263 | D:6      | Reached skill level 7 in Axes
  4263 | D:6      | Reached XP level 9. HP: 35/45 MP: 5/10
  5028 | D:7      | Reached skill level 5 in Armour
  5107 | D:7      | Reached skill level 8 in Axes
  5145 | D:7      | Found a hazy altar of Hepliaklqana.
  5230 | D:7      | Reached XP level 10. HP: 25/50 MP: 11/11
  5398 | D:7      | Found Ynuteg's Antique Armour Emporium.
  5686 | D:7      | Found a hide-covered altar of Uskayaw.
  5910 | D:8      | Found an opulent altar of Gozag.
  5929 | D:8      | Reached skill level 9 in Axes
  5935 | D:8      | Reached skill level 1 in Stealth
  5969 | D:8      | Found an iron altar of Okawaru.
  5980 | D:8      | Got a jewelled hand axe
  5981 | D:8      | Identified the +9 hand axe "Miawoommim" {chop, rElec rPois
                  | Str+7} (You found it on level 8 of the Dungeon)
  5984 | D:8      | Became a worshipper of Warmaster Okawaru
  6325 | D:8      | Reached * piety under Okawaru
  6422 | D:8      | Found a runed translucent door.
  6422 | D:8      | Found a shimmering altar of Xom.
  6422 | D:8      | Noticed a +0 long sword of chaos
  6422 | D:8      | Noticed Zanta616's ghost (novice FoFi)
  6458 | D:8      | Reached skill level 10 in Axes
  6475 | D:8      | Found a staircase to the Lair.
  6566 | D:8      | Found an ornate altar of the Wu Jian Council.
  6568 | D:8      | Noticed Joseph
  6585 | D:8      | Killed Joseph
  6585 | D:8      | Reached skill level 5 in Fighting
  6702 | D:8      | Cast into level 2 of the Abyss (+0 long sword of chaos)
  6817 | Abyss:2  | Noticed a cacodemon
  6853 | Abyss:2  | Noticed a smoke demon
  6867 | Abyss:2  | Killed a smoke demon
  6867 | Abyss:2  | Reached ** piety under Okawaru
  6867 | Abyss:2  | Reached XP level 11. HP: 41/55 MP: 12/12
  6871 | Abyss:2  | Noticed a spatial maelstrom
  6882 | Abyss:2  | HP: 1/55 [spatial maelstrom (21)]
  6884 | Abyss:2  | Noticed a wretched star
  6894 | Abyss:2  | Slain by a spatial maelstrom

Skill      XL: |  1  2  3  4  5  6  7  8  9 10 |
---------------+-------------------------------+-----
Axes           | 2 3 4 5 7 8 10 | 10.5
Fighting       | 3 4 5 |  5.1
Shields        | 3 4 5 7 8 |  8.2
Armour         | 3 4 5 |  5.7
Dodging        | 1 2 |  2.1
Stealth        | 1 |  1.0
Evocations     | |  0.1

Action                   |  1- 3 |  4- 6 |  7- 9 | 10-12 || total
-------------------------+-------+-------+-------+-------++-------
Melee: War axe           |    72 |   198 |   328 |       ||   598
       Bite              |    14 |    47 |   104 |    52 ||   217
       Broad axe         |       |       |    52 |    81 ||   133
       Hand axe          |       |       |       |    71 ||    71
Evoke: Wand              |       |       |     2 |       ||     2
  Use: Scroll            |     2 |       |     8 |     1 ||    11
       Potion            |       |       |     1 |     1 ||     2
  Eat: Chunk             |       |     6 |     9 |     6 ||    21
       Ration            |       |       |     2 |       ||     2
Armor: Scale mail        |    25 |    64 |       |       ||    89
       Chain mail        |       |    43 |   229 |       ||   272
       Plate armour      |       |       |    25 |    75 ||   100
Dodge: Dodged            |    24 |    43 |    66 |    18 ||   151
Block: Shield            |    38 |    73 |       |       ||   111
       Large shield      |       |    27 |   337 |   130 ||   494
